 Dungeon Crawl Stone Soup version 0.29.1 (webtiles) character file.

Game seed: 4408384014975526137

1591 raistware the Conjurer (level 8, -1/50 HPs)
             Began as an Octopode Conjurer on Sept 12, 2022.
             Was a Believer of Vehumet.
             Slain by a wight
             ... wielding a +3 halberd
              (9 damage)
             ... on level 6 of the Dungeon.
             The game lasted 00:09:42 (7394 turns).

raistware the Conjurer (Octopode Conjurer)          Turns: 7394, Time: 00:09:43

Health: -1/50      AC:  1    Str:  6    XL:     8   Next: 93%
Magic:  12/18      EV: 13    Int: 23    God:    Vehumet [**....]
Gold:   276        SH:  0    Dex: 12    Spells: 16/21 levels left

rFire   . . .      SeeInvis .   o - +6 dagger of the Absolute Madman {vorpal, Will++ Dex+2}
rCold   . . .      Faith    .   (no shield)
rNeg    . . .      Spirit   .   (helmet restricted)
rPois   .          Reflect  .   (no amulet)
rElec   .          Harm     .   x - ring of willpower
rCorr   .          Rampage  .   (no ring)
Will    +++..                   (no ring)
Stlth   +++.......              (no ring)
HPRegen 0.16/turn               (no ring)
MPRegen 0.16/turn               (no ring)
                                (no ring)
                                (no ring)

@: no status effects
A: almost no armour, amphibious, 8 rings, camouflage 1, gelatinous body 1,
(nimble swimmer 1), tentacles
a: Renounce Religion


You were on level 6 of the Dungeon.
You worshipped Vehumet.
Vehumet was pleased with you.
You visited 2 branches of the dungeon, and saw 7 of its levels.

You collected 276 gold pieces.

Inventory:

Hand Weapons
 o - the +6 dagger of the Absolute Madman (weapon) {vorpal, Will++ Dex+2}
   (You found it on level 3 of the Dungeon)

   It inflicts extra damage upon your enemies.
   Dex:       It affects your dexterity (+2).
   Will:      It greatly increases your willpower.
Missiles
 a - a throwing net
 p - 7 poisoned darts
 A - a curare-tipped dart
 B - 3 javelins
Magical Staves
 l - a staff of poison
Jewellery
 x - a ring of willpower (left tentacle)
Wands
 m - a wand of flame (38)
 y - a wand of roots (2)
Scrolls
 b - 2 scrolls of fear {unknown}
 c - 7 scrolls of identify {unknown}
 i - a scroll of blinking {unknown}
 k - a scroll of fog {unknown}
 r - a scroll of torment {unknown}
 s - a scroll of magic mapping {unknown}
 t - 2 scrolls of teleportation {unknown}
 v - a scroll of enchant weapon {unknown}
 w - 2 scrolls of enchant armour {unknown}
Potions
 d - a potion of heal wounds
 e - a potion of flight {unknown}
 f - a potion of degeneration {unknown}
 g - a potion of lignification {unknown}
 h - a potion of berserk rage {unknown}
 j - 2 potions of curing {unknown}
 n - a potion of mutation {unknown}
 q - a potion of haste {unknown}
 u - 2 potions of attraction {unknown}
 z - 2 potions of ambrosia {unknown}


   Skills:
 - Level 2.0 Fighting
 - Level 2.0 Staves
 - Level 2.0 Dodging
 - Level 2.6 Stealth
 + Level 7.2 Spellcasting
 + Level 7.5 Conjurations
 - Level 2.0 Translocations
 - Level 2.0 Evocations


You had 16 spell levels left.
You knew the following spells:

 Your Spells              Type           Power      Damage    Failure   Level
a - Magic Dart            Conj           100%       1d8       1%          1
b - Iskenderun's Mystic   Conj/Tloc      30%        2d8       11%         4

Your spell library contained the following spells:

 Spells                   Type           Power      Damage    Failure   Level
 Static Discharge         Conj/Air       25%        3-7/arc   2%          2
 Searing Ray              Conj           86%        2d7       1%          2
 Dazzling Flash           Conj/Hex       50%        N/A       4%          3
 Fulminant Prism          Conj/Hex       12%        3d9       16%         4
 Lee's Rapid Deconstruct  Erth           4%         3d6*      91%         5


Dungeon Overview and Level Annotations

Branches:
Dungeon (6/15)             Temple (1/1) D:5

Altars:
Ashenzari
Dithmenos
Gozag
Makhleb
Sif Muna
Uskayaw
Vehumet
Wu Jian
Xom
Zin
The Shining One

Annotations:
D:4 1 runed translucent door, Glaciallarry's ghost, amateur NaGl


Innate Abilities, Weirdness & Mutations

You cannot wear most types of armour.
You are amphibious.
You can wear up to eight rings at the same time.
Your skin changes colour to match your surroundings (Stealth+).
Your rubbery body absorbs attacks. (AC +1, EV +1)
((You are camouflaged when in or above water. (Stealth+)))
You have tentacles for arms and can constrict up to eight enemies at once.


Message History

The wight is lightly damaged.
Casting: Magic Dart (safe; 1% risk of failure)
Confirm with . or Enter, or press ? or * to list all spells.
Aiming: Magic Dart (safe; 1% risk of failure)
Press: ? - help, Shift-Dir - straight line, f/p - wight
Aim: a wight, wielding a +3 halberd and wearing a +0 robe (lightly damaged, 100% to hit)
The magic dart hits the wight but does no damage.
The wight is lightly damaged.
Casting: Magic Dart (safe; 1% risk of failure)
Confirm with . or Enter, or press ? or * to list all spells.
Aiming: Magic Dart (safe; 1% risk of failure)
Press: ? - help, Shift-Dir - straight line, f/p - wight
Aim: a wight, wielding a +3 halberd and wearing a +0 robe (lightly damaged, 100% to hit)
The magic dart hits the wight.
The wight is moderately damaged.
Casting: Magic Dart (safe; 1% risk of failure)
Confirm with . or Enter, or press ? or * to list all spells.
Aiming: Magic Dart (safe; 1% risk of failure)
Press: ? - help, Shift-Dir - straight line, f/p - wight
Aim: a wight, wielding a +3 halberd and wearing a +0 robe (moderately damaged, 100% to hit)
The magic dart hits the wight!
The wight is almost destroyed.
Casting: Magic Dart (safe; 1% risk of failure)
Confirm with . or Enter, or press ? or * to list all spells.
Aiming: Magic Dart (safe; 1% risk of failure)
Press: ? - help, Shift-Dir - straight line, f/p - wight
Aim: a wight, wielding a +3 halberd and wearing a +0 robe (almost destroyed, 100% to hit)
The magic dart hits the wight but does no damage.
The wight is almost destroyed.
The wight hits you from afar with a +3 halberd!
* * * LOW HITPOINT WARNING * * *
Casting: Magic Dart (safe; 1% risk of failure)
Confirm with . or Enter, or press ? or * to list all spells.
Aiming: Magic Dart (safe; 1% risk of failure)
Press: ? - help, Shift-Dir - straight line, f/p - wight
Aim: a wight, wielding a +3 halberd and wearing a +0 robe (almost destroyed, 100% to hit)
The magic dart hits the wight but does no damage.
The wight is almost destroyed.
The wight hits you from afar with a +3 halberd!
You die...

##.. #......##
#.#..###.# #.. #......#
#.#..# #.# #..........#
#.#..###.#
........#####.#..#...#
..............#..#.###.#
............#.....<..#
.......z.#.##.#####
.........#..#.#
#......@###.#.#
............#.#
..####.###..#.# .
..[)#.)#.#
..######)#..#.#
.......)<#..#.#
..#####)##..#.#
#......#.# #..###.#.#


You could see a wight.

Vanquished Creatures
  Duvessa (D:6)
  A sky beast (D:6)
  3 ogres
  A centaur (D:6)
  A phantom (D:5)
  A kobold brigand (D:6)
  4 scorpions
  Dowan (D:6)
  4 orc priests
  A gnoll bouda (D:5)
  5 hounds
  2 iguanas (D:5)
  3 orc wizards
  5 gnolls (D:5)
  4 adders
  A white imp (D:6)
  An ufetubus (D:5)
  A worm (D:4)
  2 dart slugs
  24 orcs
  7 bats
  8 endoplasms
  3 giant cockroaches
  6 goblins
  8 hobgoblins
  4 jackals (D:2)
  2 quokkas
  4 ball pythons (D:4)
  5 frilled lizards
  7 kobolds
  5 rats
125 creatures vanquished.

Vanquished Creatures (others)
  2 withered plants (D:4)
2 creatures vanquished.

Grand Total: 127 creatures vanquished

Notes
Turn   | Place    | Note
-------+----------+-------------------------------------------
     0 | D:1      | raistware the Octopode Conjurer began the quest for the
                  | Orb.
     0 | D:1      | Reached XP level 1. HP: 11/11 MP: 3/3
   419 | D:1      | Reached XP level 2. HP: 17/17 MP: 1/5
  1220 | D:2      | Reached XP level 3. HP: 21/21 MP: 4/7
  1376 | D:2      | Noticed a floating eye
  1378 | D:2      | Found a faded altar of an unknown god.
  1380 | D:2      | Noticed a floating eye
  1380 | D:2      | Noticed a shining eye
  1380 | D:2      | Noticed a golden eye
  1581 | D:2      | Found a radiant altar of Vehumet.
  1592 | D:2      | Became a worshipper of Vehumet
  1973 | D:3      | Reached XP level 4. HP: 27/27 MP: 5/9
  1978 | D:3      | Learned a level 4 spell: Iskenderun's Mystic Blast
  2079 | D:3      | Identified the +6 dagger of the Absolute Madman {vorpal,
                  | Will++ Dex+2}
  2133 | D:3      | Found a glowing silver altar of Zin.
  2564 | D:3      | Reached skill level 1 in Translocations
  2812 | D:3      | Reached * piety under Vehumet
  2812 | D:3      | Offered knowledge of Shock by Vehumet.
  3072 | D:4      | Found a broken altar of Ashenzari.
  3280 | D:4      | Reached skill level 1 in Evocations
  3280 | D:4      | Reached XP level 5. HP: 27/31 MP: 2/11
  3507 | D:4      | Found a runed translucent door.
  3507 | D:4      | Noticed Glaciallarry's ghost (amateur NaGl)
  3545 | D:4      | Reached skill level 1 in Staves
  3755 | D:4      | Reached skill level 1 in Fighting
  3755 | D:4      | Reached XP level 6. HP: 4/38 MP: 1/12
  4265 | D:5      | Entered Level 5 of the Dungeon
  4571 | D:5      | Reached XP level 7. HP: 39/45 MP: 8/14
  4639 | D:5      | Reached skill level 5 in Spellcasting
  4640 | D:5      | Reached skill level 5 in Conjurations
  4749 | D:5      | Offered knowledge of Static Discharge by Vehumet.
  4751 | D:5      | Reached ** piety under Vehumet
  5265 | D:5      | Found a staircase to the Ecumenical Temple.
  5272 | Temple   | Entered the Ecumenical Temple
  5414 | D:5      | Reached XP level 8. HP: 48/50 MP: 11/16
  6681 | D:6      | Noticed Duvessa
  6681 | D:6      | Noticed Dowan
  6688 | D:6      | Killed Duvessa
  6693 | D:6      | Killed Dowan
  7394 | D:6      | Slain by a wight

Illustrated notes

Levels and vault maps discovered:
D:1:      mrwooster_arrival_statue_3, layout_loops_ring
D:2:      layout_rooms, basic_altar, hellmonk_ecumenical_altar_watching_god
D:3:      layout_loops_ring, mainiacjoe_overflow_alcove_1, serial_rivers,
          chequers_serial_rivers_micro_d, chequers_serial_rivers_large_b,
          chequers_serial_rivers_micro_e, chequers_serial_rivers_small_a,
          amcnicky_mini_pool_small
D:4:      layout_cave_pods, nicolae_ashenzari_skybound, gammafunk_ghost_grave,
          minmay_misc_feat_enclosed
D:5:      layout_layer_cave, minmay_temple_entry_arrows, minmay_misc_feat_iff,
          kennysheep_windowed_goal
D:6:      layout_basic, serial_shops, kennysheep_little_box, uniq_eustachio,
          uniq_duvessa
Temple:   bh_familiar_temple

Skill      XL: |  1  2  3  4  5  6  7  8 |
---------------+-------------------------+-----
Spellcasting   | 3 4 5 7 |  7.2
Translocations | 2 |  2.0
Evocations     | 1 2 |  2.0
Staves         | 2 |  2.0
Fighting       | 1 2 |  2.0
Conjurations   | 5 7 |  7.5
Dodging        | |  2.0
Stealth        | |  2.6

Action                   |  1- 3 |  4- 6 |  7- 9 || total
-------------------------+-------+-------+-------++-------
Melee: Unarmed           |     8 |       |       ||     8
       Constrict         |     3 |     6 |    11 ||    20
       Punch             |     1 |       |     1 ||     2
       Tentacles         |     2 |     8 |    12 ||    22
       Dagger            |       |    40 |    50 ||    90
 Cast: Magic Dart        |    76 |    91 |    85 ||   252
       Iskenderun's Myst |       |     2 |    13 ||    15
Evoke: Wand              |       |       |     4 ||     4
  Use: Potion            |       |     1 |     1 ||     2
 Stab: Sleeping          |     1 |     2 |       ||     3
Armor: Skin              |     2 |     2 |     6 ||    10
Dodge: Dodged            |     8 |    27 |    48 ||    83
